 Dungeon Crawl Stone Soup version 0.29-a0-323-g050149af67 (webtiles) character file.

Game seed: 3422148369453553183

2 Jortsu the Sneak (level 1, -6/19 HPs)
             Began as a Palentonga Delver on Apr 10, 2022.
             Mangled by an iguana (7 damage)
             ... on level 4 of the Dungeon.
             The game lasted 00:00:48 (177 turns).

Jortsu the Sneak (Palentonga Delver)                 Turns: 177, Time: 00:00:49

Health: -6/19      AC:  4    Str: 15    XL:     1   Next: 25%
Magic:  1/1        EV:  9    Int: 10    God:
Gold:   35         SH:  0    Dex: 11    Spells: 0/0 levels left

rFire   . . .      SeeInvis +   a - +0 mace
rCold   . . .      Faith    .   (no shield)
rNeg    . . .      Spirit   .   b - +0 leather armour
rPois   .          Reflect  .   (no helmet)
rElec   .          Harm     .   (no cloak)
rCorr   .          Rampage  .   (no gloves)
Will    .....                   (no barding)
Stlth   ++........              (no amulet)
HPRegen 0.06/turn               (no ring)
MPRegen 0.07/turn               (no ring)

@: no status effects
A: large, rugged brown scales 3, see invisible, deformed body, roll 1, armoured
tail
a: Rolling Charge


You were on level 4 of the Dungeon.
You visited 1 branch of the dungeon, and saw 2 of its levels.

You collected 35 gold pieces.

Inventory:

Hand Weapons
 a - a +0 mace (weapon)
Armour
 b - a +0 leather armour (worn)
Wands
 g - a wand of digging (3)
Scrolls
 c - a scroll of fog
 d - a scroll of magic mapping
 e - 2 scrolls of fear
Potions
 f - a potion of haste


   Skills:
 + Level 3.0 Fighting
 + Level 2.0 Maces & Flails
 + Level 1.5 Dodging
 + Level 3.4 Stealth


You couldn't memorise any spells.
You didn't know any spells.
Your spell library was empty.

Dungeon Overview and Level Annotations

Branches:
Dungeon (5/15)
 Temple: D:4-7

Altars:

Annotations:
D:4 Grinder
D:5 1 transporter


Innate Abilities, Weirdness & Mutations

You are completely covered in rugged brown scales. (AC +3, +7% HP)
You have supernaturally acute eyesight. (SInv)
Armour fits poorly on your strangely shaped body.
You can roll at nearby foes to attack.
You have a long armoured tail.


Message History

There is a stone staircase leading down here.
The orc barely misses you.
You climb downwards.
Level annotation: 1 transporter
There is a stone staircase leading up here.
You hit the orc but do no damage. The orc hits you but does no damage.
You hit the orc.
You kill the orc!
Things that are here:
a +0 hand axe; a +0 ring mail
Found a stone staircase leading down.
e - 2 scrolls of fear (gained 1)
There is a stone staircase leading down here.
Found a trident.
Found a silver wand.
An iguana comes into view.
The iguana hisses angrily.
The iguana barely misses you. The iguana attacks as you move away!
The iguana barely misses you.
Found a stone staircase leading up.
There is a stone staircase leading up here.
The iguana bites you!
You climb upwards.
Level annotation: Grinder
There is a stone staircase leading down here.
The iguana barely misses you.
A kobold comes into view. It is wielding a +0 spear.
The iguana attacks as you move away! The iguana bites you.
The iguana attacks as you move away! The iguana closely misses you.
The iguana attacks as you move away!
The iguana bites you but does no damage.
The iguana attacks as you move away! The iguana closely misses you.
The iguana attacks as you move away! The iguana bites you!
* * * LOW HITPOINT WARNING * * *
The iguana attacks as you move away! The iguana barely misses you.
Found a fuming golden potion.
The iguana attacks as you move away!
The iguana barely misses you. 2 orcs come into view.
The iguana attacks as you move away! The iguana bites you!
You die...

#.###....###...#.
#.# ####........>
#.# ######.###
#.# #.# ##.# #'#
#..# ... #.## ...
# #l# ...K. # #@#
..... '
........!.o.... #
.######.#.o.###
......# ..# #.#
## #... .# . #.##
# #.


You could see an iguana and 2 orcs.

Vanquished Creatures
  An orc (D:5)
1 creature vanquished.

Notes
Turn   | Place    | Note
-------+----------+-------------------------------------------
     0 | D:5      | Jortsu the Palentonga Delver began the quest for the Orb.
     0 | D:5      | Reached XP level 1. HP: 19/19 MP: 1/1
    17 | D:5      | Found a transporter.
    49 | D:4      | Noticed Grinder
    56 | D:4      | Paralysed by Grinder for 3 turns
   114 | D:5      | Noticed an iguana
   177 | D:4      | Mangled by an iguana

Illustrated notes

Levels and vault maps discovered:
D:4:      minmay_goblin_kobold_castle, layout_loops_corners,
          uniq_crazy_yiuf_cottage, uniq_grinder
D:5:      layout_cave_pools, gammafunk_ghost_abyssal_escape

Action                   || total
-------------------------++-------
Melee: Mace              ||     2
Armor: Leather armour    ||     2
Dodge: Dodged            ||     8

Table legend: (Time is in decaauts)
 A = Elapsed time spent in this place.
 B = Non-inter-level travel time spent in this place.
 C = Inter-level travel time spent in this place.
 D = Time resting spent in this place.
 E = Time spent auto-exploring this place.
 F = Levels seen in this place.
 G = Mean time per level.
                   A        B        C        D        E       F      G
               +--------+--------+--------+--------+--------+-----+--------+
         Total |    178 |    178 |      0 |      0 |     16 |   2 |   89.0 |
       Dungeon |    178 |    178 |      0 |      0 |     16 |   2 |   89.0 |
               +--------+--------+--------+--------+--------+-----+--------+

Top non-repeatable levels by time:
     D:5: 117 daAuts
     D:4: 61 daAuts
